 Dungeon Crawl Stone Soup version 0.24.0-13-gcf9b319 (webtiles) character file.

Game seed: 17731945093510010734, levelgen mode: deterministic

3846 Bronimir the Magician (level 10, -5/77 HPs)
             Began as a Gnoll Skald on Apr 13, 2020.
             Was a Believer of Sif Muna.
             Killed by divine providence
             ... invoked by an orc priest
              (13 damage)
             ... on level 9 of the Dungeon.
             The game lasted 00:21:20 (9938 turns).

Bronimir the Magician (Gnoll Skald)                 Turns: 9938, Time: 00:21:21

Health: -5/77      AC:  7    Str: 18    XL:     10   Next: 18%
Magic:  20/20      EV: 15    Int: 17    God:    Sif Muna [**....]
Gold:   549        SH:  0    Dex: 11    Spells: 8/23 levels left

rFire    . . .     SeeInvis .   a - +6 hand axe
rCold    . . .     Gourm    .   (no shield)
rNeg     . . .     Faith    .   B - +1 leather armour of Siuwk {MR+ Str+2 Dex-3} (curse)
rPois    .         Spirit   .   v - +0 helmet (curse)
rElec    .         Reflect  .   (no cloak)
rCorr    .         Harm     .   A - +0 pair of gloves
MR       +....                  (no boots)
Stlth    ++........             (no amulet)
HPRegen  1.22/turn              (no ring)
MPRegen  0.17/turn              (no ring)

@: infused, regenerating
A: distributed training, fangs 1, strong nose
a: Channel Magic, Renounce Religion


You were on level 9 of the Dungeon.
You worshipped Sif Muna.
Sif Muna was pleased with you.
You were very hungry.

You visited 1 branch of the dungeon, and saw 9 of its levels.

You collected 549 gold pieces.

Inventory:

Hand Weapons
 a - a +6 hand axe (weapon)
 b - a +1 shortbow
 w - the +2 dagger of Karma {speed, rElec rPois rN+ Stlth+}
   (You found it on level 4 of the Dungeon)

   Attacks with this weapon are significantly faster.
   It insulates you from electricity.
   It protects you from poison.
   It protects you from negative energy.
   It makes you more stealthy.
Missiles
 c - 107 arrows
 i - 241 stones (quivered)
 r - 84 bolts
Armour
 k - a +0 leather armour
 t - a +0 ring mail
 v - a cursed +0 helmet (worn)
 z - a +0 buckler
 A - a +0 pair of gloves (worn)
 B - the cursed +1 leather armour of Siuwk (worn) {MR+ Str+2 Dex-3}
   (You found it on level 8 of the Dungeon)

   It affects your strength (+2).
   It affects your dexterity (-3).
   It affects your resistance to hostile enchantments.
   It has a curse placed upon it.
Magical Staves
 l - an uncursed staff of wizardry
Jewellery
 f - an uncursed ring of protection from fire {unknown}
 g - a +3 ring of evasion {unknown}
 n - an uncursed ring of positive energy {unknown}
 x - a +3 ring of dexterity {unknown}
Wands
 q - a wand of scattershot (3)
 y - a wand of iceblast (5)
 E - a wand of clouds (2)
Scrolls
 e - 12 scrolls of identify {unknown}
 j - 2 scrolls of teleportation
 m - 8 scrolls of amnesia
 p - 5 scrolls of remove curse
 s - 2 scrolls of magic mapping
 u - a scroll of silence {unknown}
 C - a scroll of summoning {unknown}
 D - a scroll of enchant armour {unknown}
Potions
 h - a potion of might
 o - 2 potions of curing
 F - a potion of heal wounds
 G - a potion of haste {unknown}
 H - a potion of resistance {unknown}
Comestibles
 d - 19 rations


   Skills:
 + Level 6.8 Fighting
 + Level 4.9 Short Blades
 + Level 4.9 Long Blades
 + Level 6.8 Axes
 + Level 4.9 Maces & Flails
 + Level 4.9 Polearms
 + Level 4.9 Staves
 + Level 4.9 Slings
 + Level 4.9 Bows
 + Level 4.9 Crossbows
 + Level 4.9 Throwing
 + Level 5.6 Armour
 + Level 6.8 Dodging
 + Level 4.9 Stealth
 + Level 4.9 Shields
 + Level 4.9 Unarmed Combat
 + Level 7.1 Spellcasting
 + Level 4.1 Conjurations
 + Level 4.1 Hexes
 + Level 6.9 Charms
 + Level 4.1 Summonings
 + Level 4.1 Necromancy
 + Level 4.1 Translocations
 + Level 4.1 Transmutations
 + Level 4.1 Fire Magic
 + Level 4.1 Ice Magic
 + Level 4.1 Air Magic
 + Level 4.1 Earth Magic
 + Level 4.1 Poison Magic
 + Level 5.4 Invocations
 + Level 4.9 Evocations


You had 8 spell levels left.
You knew the following spells:

 Your Spells              Type           Power        Failure   Level  Hunger
a - Infusion              Chrm           ####         1%          1    None
b - Song of Slaying       Chrm           ####....     1%          2    None
c - Shroud of Golubria    Chrm/Tloc      ###...       1%          2    None
d - Regeneration          Chrm/Necr      ###.......   4%          3    ##.....
e - Spectral Weapon       Hex/Chrm       ###.....     4%          3    ##.....
f - Cause Fear            Hex            ###.......   24%         4    ####...

Your spell library contained the following spells:

 Spells                   Type           Power        Failure   Level  Hunger
 Corona                   Hex            ###....      2%          1    None
 Slow                     Hex            ###.....     3%          2    None
 Inner Flame              Hex/Fire       ###.....     8%          3    ##.....
 Portal Projectile        Hex/Tloc       ###...       8%          3    ##.....
 Leda's Liquefaction      Hex/Erth       ###.......   24%         4    ####...


Dungeon Overview and Level Annotations

Branches:
Dungeon (9/15)             Temple (0/1) D:5
   Lair: D:8-11         Orc: D:9-12

Altars:
Ashenzari
Gozag
Qazlal
Ru
Sif Muna
Wu Jian
Zin

Shops:
D:7 (


Innate Abilities, Weirdness & Mutations

Your experience applies equally to all skills.
You have very sharp teeth.
Your uncanny sense of smell can sniff out nearby items.


Message History

Your shroud falls apart!
Casting: Regeneration (safe; 4% risk of failure)
Confirm with . or Enter, or press ? or * to list all spells.
Your skin crawls.
You are feeling very hungry.
The yak gores you.
* * * LOW HITPOINT WARNING * * *
Casting: Regeneration (safe; 4% risk of failure)
Confirm with . or Enter, or press ? or * to list all spells.
Okay, then.
You feel somewhat more hungry.
The orc priest calls down the wrath of Beogh upon you.
Beogh smites you!
* * * LOW HITPOINT WARNING * * *
The yak misses you.
The orc priest looks satisfied for a moment.
You feel less invigorated.
The orc priest mumbles some strange prayers to Beogh against you.
Beogh smites you!
You die... (..o... .oo.. oY{

#l# ######.#
#...}.Y#
$#.###.Y###
.....#....##
∆#...@...##
#.#.#......####
#..............
######.....####
#....## #.#.##
#.### #######.#
#########
#.....#.#
#........


You could see 3 yaks, an iguana, an orc priest and 2 orcs.

Vanquished Creatures
  Grinder (D:6)
  A troll (D:8)
  3 yaks (D:9)
  Duvessa (D:6)
  An orc warrior (D:7)
  2 ice beasts (D:6)
  5 ogres
  A phantom (D:6)
  A centaur (D:5)
  2 bullfrogs
  Dowan (D:6)
  8 killer bees
  3 wights (D:9)
  A howler monkey (D:8)
  A centaur zombie (D:5)
  4 bullfrog skeletons
  5 jellies
  4 orc wizards
  2 centaur skeletons (D:8)
  3 orc priests
  5 hounds
  Jessica (D:3)
  4 iguanas
  Natasha (thrice) (D:3)
  5 worker ants
  A hound zombie (D:6)
  A worker ant zombie (D:6)
  4 gnolls (D:3)
  11 adders
  2 shadow imps
  6 oozes
  An adder zombie (D:8)
  An adder skeleton (D:5)
  A worm (D:2)
  4 dart slugs
  2 leopard geckos
  30 orcs
  2 ball pythons
  4 giant cockroaches
  7 goblins
  7 hobgoblins
  8 jackals
  8 quokkas
  4 bats
  8 frilled lizards
  A jackal zombie (D:6)
  3 kobolds
  8 rats
192 creatures vanquished.

Vanquished Creatures (others)
  3 spectral weapons
3 creatures vanquished.

Grand Total: 195 creatures vanquished

Notes
Turn   | Place    | Note
-------+----------+-------------------------------------------
     0 | D:1      | Bronimir the Gnoll Skald began the quest for the Orb.
     0 | D:1      | Reached XP level 1. HP: 20/20 MP: 6/6
   177 | D:1      | Reached XP level 2. HP: 26/26 MP: 7/7
   879 | D:2      | Reached skill level 5 in Spellcasting
   879 | D:2      | Reached XP level 3. HP: 28/31 MP: 7/9
   891 | D:2      | Reached skill level 1 in Invocations
   936 | D:2      | Reached skill level 1 in Short Blades
   936 | D:2      | Reached skill level 1 in Long Blades
   936 | D:2      | Reached skill level 1 in Maces & Flails
   936 | D:2      | Reached skill level 1 in Polearms
   936 | D:2      | Reached skill level 1 in Staves
   936 | D:2      | Reached skill level 1 in Slings
   936 | D:2      | Reached skill level 1 in Bows
   936 | D:2      | Reached skill level 1 in Crossbows
   936 | D:2      | Reached skill level 1 in Throwing
   936 | D:2      | Reached skill level 1 in Stealth
   936 | D:2      | Reached skill level 1 in Shields
   936 | D:2      | Reached skill level 1 in Unarmed Combat
   936 | D:2      | Reached skill level 1 in Evocations
  1016 | D:2      | Reached XP level 4. HP: 35/38 MP: 11/11
  1475 | D:2      | Reached skill level 1 in Conjurations
  1475 | D:2      | Reached skill level 1 in Hexes
  1475 | D:2      | Reached skill level 1 in Summonings
  1475 | D:2      | Reached skill level 1 in Necromancy
  1475 | D:2      | Reached skill level 1 in Translocations
  1475 | D:2      | Reached skill level 1 in Transmutations
  1475 | D:2      | Reached skill level 1 in Fire Magic
  1475 | D:2      | Reached skill level 1 in Ice Magic
  1475 | D:2      | Reached skill level 1 in Air Magic
  1475 | D:2      | Reached skill level 1 in Earth Magic
  1475 | D:2      | Reached skill level 1 in Poison Magic
  1721 | D:2      | Learned a level 2 spell: Song of Slaying
  1724 | D:2      | Learned a level 2 spell: Shroud of Golubria
  1728 | D:2      | Learned a level 3 spell: Regeneration
  1732 | D:2      | Learned a level 3 spell: Spectral Weapon
  2012 | D:3      | Reached XP level 5. HP: 33/43 MP: 8/12
  2062 | D:3      | Noticed Jessica
  2070 | D:3      | Killed Jessica
  2293 | D:3      | Noticed Natasha
  2304 | D:3      | Killed Natasha
  2414 | D:3      | Found a glowing silver altar of Zin.
  2432 | D:3      | Noticed Natasha
  2438 | D:3      | Killed Natasha
  2640 | D:3      | Found an ornate altar of the Wu Jian Council.
  2725 | D:3      | Reached XP level 6. HP: 46/50 MP: 4/13
  2740 | D:3      | Found a shimmering blue altar of Sif Muna.
  2812 | D:3      | Became a worshipper of Sif Muna the Loreminder
  2862 | D:3      | Noticed Natasha
  2866 | D:3      | Killed Natasha
  3010 | D:4      | Found a sacrificial altar of Ru.
  3038 | D:4      | Reached skill level 5 in Fighting
  3038 | D:4      | Reached skill level 5 in Axes
  3038 | D:4      | Reached skill level 5 in Dodging
  3208 | D:4      | Reached XP level 7. HP: 32/56 MP: 3/15
  3570 | D:4      | Got an encrusted dagger
  3571 | D:4      | Identified the cursed +2 dagger of Karma {speed, rElec
                  | rPois rN+ Stlth+} (You found it on level 4 of the Dungeon)
  4118 | D:5      | Entered Level 5 of the Dungeon
  4326 | D:5      | Reached * piety under Sif Muna
  4592 | D:5      | Reached XP level 8. HP: 22/63 MP: 9/16
  4647 | D:5      | Found a staircase to the Ecumenical Temple.
  5024 | D:5      | Found a shattered altar of Ashenzari.
  5277 | D:6      | Found a stormy altar of Qazlal.
  5474 | D:6      | Reached skill level 6 in Spellcasting
  5675 | D:6      | Noticed Grinder
  5685 | D:6      | Killed Grinder
  5870 | D:6      | Noticed Duvessa
  5870 | D:6      | Noticed Dowan
  5880 | D:6      | Killed Duvessa
  5881 | D:6      | Killed Dowan
  5885 | D:6      | Reached XP level 9. HP: 58/69 MP: 0/18
  6713 | D:7      | Found Egolair Ecuf's Weapon Shop.
  7518 | D:7      | Reached ** piety under Sif Muna
  7677 | D:8      | Noticed a troll
  7690 | D:8      | Killed a troll
  7690 | D:8      | Reached skill level 5 in Armour
  7701 | D:8      | Learned a level 4 spell: Cause Fear
  7760 | D:8      | Found an opulent altar of Gozag.
  8589 | D:8      | Reached skill level 5 in Invocations
  9286 | D:8      | Got a distressingly furry leather armour
  9297 | D:8      | Identified the cursed +1 leather armour of Siuwk {MR+ Str+2
                  | Dex-3} (You found it on level 8 of the Dungeon)
  9520 | D:9      | Reached XP level 10. HP: 23/77 MP: 10/20
  9854 | D:9      | Reached skill level 7 in Spellcasting
  9938 | D:9      | Killed from afar by an orc priest

Levels and vault maps discovered:
D:1:      dpeg_arrival_simpleton_b, layout_basic
D:2:      layout_loops_ring
D:3:      layout_basic, nicolae_overflow_crystal_walls, led_sif_pool,
          lemuel_coloured_pillars_altar, uniq_natasha, uniq_jessica
D:4:      layout_rooms, nicolae_ru_awakened_eye, minmay_misc_feat_tower
D:5:      layout_loops_ring, lemuel_round_altar, temple_doors_cd, first_ration
D:6:      layout_basic, basic_altar, uniq_duvessa, uniq_grinder
D:7:      layout_gridville, serial_shops, nicolae_shop_window_shopping,
          grunt_decor_mini_mirrors
D:8:      layout_layer_cave, lemuel_crystal_altar,
          hangedman_little_slice_of_home
D:9:      layout_loops_corners, david_lair_shrubbed, orc_0_dummy

Skill      XL: |  1  2  3  4  5  6  7  8  9 10 |
---------------+-------------------------------+-----
Spellcasting   | 5 6 7 |  7.1
Invocations    | 1 2 3 4 5 |  5.4
Short Blades   | 1 2 3 4 |  4.9
Long Blades    | 1 2 3 4 |  4.9
Maces & Flails | 1 2 3 4 |  4.9
Polearms       | 1 2 3 4 |  4.9
Staves         | 1 2 3 4 |  4.9
Slings         | 1 2 3 4 |  4.9
Bows           | 1 2 3 4 |  4.9
Crossbows      | 1 2 3 4 |  4.9
Throwing       | 1 2 3 4 |  4.9
Stealth        | 1 2 3 4 |  4.9
Shields        | 1 2 3 4 |  4.9
Unarmed Combat | 1 2 3 4 |  4.9
Evocations     | 1 2 3 4 |  4.9
Conjurations   | 1 2 3 4 |  4.1
Hexes          | 1 2 3 4 |  4.1
Summonings     | 1 2 3 4 |  4.1
Necromancy     | 1 2 3 4 |  4.1
Translocations | 1 2 3 4 |  4.1
Transmutations | 1 2 3 4 |  4.1
Fire Magic     | 1 2 3 4 |  4.1
Ice Magic      | 1 2 3 4 |  4.1
Air Magic      | 1 2 3 4 |  4.1
Earth Magic    | 1 2 3 4 |  4.1
Poison Magic   | 1 2 3 4 |  4.1
Armour         | 3 4 5 |  5.6
Fighting       | 5 6 |  6.8
Axes           | 5 6 |  6.8
Dodging        | 5 6 |  6.8
Charms         | 6 |  6.9

Action                   |  1- 3 |  4- 6 |  7- 9 | 10-12 || total
-------------------------+-------+-------+-------+-------++-------
Melee: Hand axe          |    84 |   133 |   280 |    32 ||   529
       Bite              |    11 |     9 |    34 |     5 ||    59
       Punch             |       |     1 |     2 |     1 ||     4
       Dagger            |       |       |    11 |       ||    11
 Fire: Shortbow          |       |       |    64 |       ||    64
 Cast: Infusion          |       |     8 |    22 |     2 ||    32
       Regeneration      |       |     1 |    11 |     2 ||    14
       Spectral Weapon   |       |     1 |     8 |     1 ||    10
       Shroud of Golubri |       |     1 |     7 |     2 ||    10
       Song of Slaying   |       |     1 |     2 |     2 ||     5
Invok: Channel Magic     |       |       |       |     1 ||     1
  Use: Potion            |     4 |       |     5 |       ||     9
       Scroll            |       |       |    11 |       ||    11
 Stab: Sleeping          |     2 |     2 |     5 |       ||     9
  Eat: Chunk             |       |     8 |    18 |       ||    26
       Ration            |       |       |     1 |       ||     1
Armor: Leather armour    |    20 |    25 |     4 |     2 ||    51
       Ring mail         |       |     9 |    79 |       ||    88
Dodge: Dodged            |    56 |    93 |   269 |    16 ||   434
Block: Buckler           |       |       |    39 |       ||    39
